 Dungeon Crawl Stone Soup version 0.29.1-15-g9cfb28693d (webtiles) character file.

Game seed: 2612589831225316651

25 Descartes the Insei (level 2, -1/21 HPs)
             Began as a Demonspawn Transmuter on Mar 11, 2023.
             Killed from afar by a dart slug (3 damage)
             ... with a slug dart
             ... on level 1 of the Dungeon.
             The game lasted 00:01:33 (676 turns).

Descartes the Insei (Demonspawn Transmuter)          Turns: 676, Time: 00:01:33

Health: -1/21      AC:  2    Str: 10    XL:     2   Next: 86%
Magic:  5/5        EV: 12    Int: 14    God:
Gold:   53         SH:  0    Dex: 13    Spells: 4/5 levels left

rFire   . . .      SeeInvis .     - Unarmed
rCold   . . .      Faith    .   (no shield)
rNeg    . . .      Spirit   .   a - +0 robe
rPois   .          Reflect  .   (helmet currently unavailable)
rElec   .          Harm     .   (no cloak)
rCorr   .          Rampage  .   (no gloves)
Will    .....                   (boots currently unavailable)
Stlth   +.........              (no amulet)
HPRegen 0.07/turn               (no ring)
MPRegen 0.18/turn               (no ring)

@: appendages (expiring)
A: horns 2, talons 2, magic regeneration
a: End Transformation


You were on level 1 of the Dungeon.
You had temporarily grown beastly horns and talons.
You visited 1 branch of the dungeon, and saw 1 of its levels.

You collected 53 gold pieces.

Inventory:

Armour
 a - a +0 robe (worn)
Jewellery
 e - a ring of magical power
Scrolls
 c - a scroll of enchant weapon {unknown}
 d - a scroll of identify {unknown}
Potions
 b - a potion of lignification
 f - a potion of ambrosia {unknown}


   Skills:
 - Level 1.0 Fighting
 + Level 2.2 Dodging
 + Level 3.0 Unarmed Combat
 - Level 2.0 Spellcasting
 + Level 0.5 Conjurations
 + Level 0.2 Translocations
 + Level 2.2 Transmutations


You had 4 spell levels left.
You knew the following spells:

 Your Spells              Type           Power      Damage    Failure   Level
a - Beastly Appendage     Tmut           14%        N/A       10%         1

Your spell library contained the following spells:

 Spells                   Type           Power      Damage    Failure   Level
 Wereblood                Tmut           7%         N/A       14%         2
 Spider Form              Tmut/Pois      4%         N/A       41%         3
 Gell's Gravitas          Tloc           2%         N/A       54%         3
 Teleport Other           Tloc           2%         N/A       54%         3
 Ice Form                 Ice/Tmut       4%         N/A       83%         4
 Dispersal                Tloc           1%         N/A       100%        6


Dungeon Overview and Level Annotations

Branches:
Dungeon (1/15)

Altars:


Innate Abilities, Weirdness & Mutations

You have temporarily grown beastly horns and talons.
You regenerate magic rapidly.


Message History

You are too injured to fight recklessly!
You are too injured to fight recklessly!
You are too injured to fight recklessly!
You are too injured to fight recklessly!
You are too injured to fight recklessly!
You are too injured to fight recklessly!
You are too injured to fight recklessly!
You are too injured to fight recklessly!
You are too injured to fight recklessly!
You are too injured to fight recklessly!
Unknown command.
You hit the quokka but do no damage. You claw the quokka.
You kill the quokka!
The dart slug misses you.
You hit the dart slug.
The dart slug is lightly wounded.
Your transformation is almost over.
The endoplasm barely misses you.
You hit the dart slug but do no damage. You claw the dart slug.
You headbutt the dart slug, but do no damage.
The dart slug is heavily wounded.
The endoplasm closely misses you. The dart slug barely misses you.
You hit the dart slug.
The dart slug is severely wounded.
The endoplasm freezes you.
You are frozen.
The dart slug bites you.
* * * LOW HITPOINT WARNING * * *
You hit the dart slug.
The dart slug is almost dead.
The endoplasm freezes you.
You are frozen.
* * * LOW HITPOINT WARNING * * *
Unknown command.
The dart slug barely misses you. The endoplasm attacks as you move away!
The endoplasm barely misses you.
You hit the endoplasm. You claw the endoplasm.
You kill the endoplasm!
The dart slug launches a dart at you. The slug dart hits you.
You die...

.#####.....##############
.....## #.....# ..##
#.....# ###$.## #.#
#......
.....###.####......
..............†...
#.#.##............
#.#.##.###........
######@#.##.# ##..#.###
.......w.....####..#.#
.......##......†.....###
........)....#####.#....
####..[............#....
#..........####......
#......###.# #.#....
##.....# .# #.#....
###...# .# #.#....


You could see a dart slug.

Vanquished Creatures
  A dart slug (D:1)
  A ball python (D:1)
  4 endoplasms (D:1)
  2 giant cockroaches (D:1)
  A goblin (D:1)
  2 hobgoblins (D:1)
  2 quokkas (D:1)
  A bat (D:1)
  2 frilled lizards (D:1)
  6 rats (D:1)
22 creatures vanquished.

Notes
Turn   | Place    | Note
-------+----------+-------------------------------------------
     0 | D:1      | Descartes the Demonspawn Transmuter began the quest for the
                  | Orb.
     0 | D:1      | Reached XP level 1. HP: 15/15 MP: 3/3
   119 | D:1      | Gained mutation: You regenerate magic rapidly. [demonic
                  | ancestry]
   119 | D:1      | Reached XP level 2. HP: 19/21 MP: 3/5
   379 | D:1      | Reached skill level 3 in Unarmed Combat
   676 | D:1      | Killed from afar by a dart slug

Illustrated notes

Levels and vault maps discovered:
D:1:      onia_arrival_pyramid, layout_basic

Skill      XL: |  1  2 |
---------------+-------+-----
Dodging        | 2 |  2.2
Transmutations | 2 |  2.2
Unarmed Combat | 3 |  3.0
Fighting       | |  1.0
Spellcasting   | |  2.0
Conjurations   | |  0.5
Translocations | |  0.2

Action                   || total
-------------------------++-------
Melee: Unarmed           ||    58
       Kick              ||     9
       Headbutt          ||     8
       Punch             ||     1
 Cast: Beastly Appendage ||    15
 Stab: Sleeping          ||     1
Armor: Robe              ||     7
Dodge: Dodged            ||    27
